 Dungeon Crawl Stone Soup version 0.27-a0-1587-g5a1362a (webtiles) character file.

Game seed: 4882552452170701724

145 Think the Shield-Bearer (level 5, -6/36 HPs)
             Began as an Octopode Fighter on July 18, 2021.
             Mangled by a gnoll (7 damage)
             ... on level 4 of the Dungeon.
             The game lasted 00:06:21 (2675 turns).

Think the Shield-Bearer (Octopode Fighter)          Turns: 2675, Time: 00:06:21

Health: -6/36      AC:  1    Str: 15    XL:     5   Next: 27%
Magic:  5/5        EV:  6    Int: 11    God:
Gold:   73         SH:  0    Dex: 12    Spells: 2/4 levels left

rFire    . . .     SeeInvis .   f - +1 dagger (speed)
rCold    . . .     Faith    .   b - +0 kite shield
rNeg     . . .     Spirit   .   (helmet restricted)
rPois    .         Reflect  .   l - amulet of magic regeneration
rElec    .         Harm     .   (no ring)
rCorr    .         Rampage  .   (no ring)
Will     .....                  (no ring)
Stlth    +++.......             (no ring)
HPRegen  0.12/turn              (no ring)
MPRegen  0.34/turn              (no ring)
                                (no ring)
                                (no ring)

@: held
A: almost no armour, amphibious, 8 rings, camouflage 1, gelatinous body 1,
(nimble swimmer 1), tentacles
a: no special abilities


You were on level 4 of the Dungeon.
You visited 1 branch of the dungeon, and saw 4 of its levels.

You collected 73 gold pieces.

Inventory:

Hand Weapons
 a - a +0 rapier
 d - a +1 dagger of electrocution
 f - a +1 dagger of speed (weapon)
Missiles
 h - a throwing net (quivered)
Armour
 b - a +0 kite shield (worn)
Jewellery
 l - an amulet of magic regeneration (around mantle)
Wands
 n - a wand of polymorph (7)
Scrolls
 c - a scroll of holy word {unknown}
 g - 4 scrolls of identify
 k - a scroll of teleportation {unknown}
Potions
 i - 2 potions of heal wounds
 m - a potion of curing {unknown}


   Skills:
 + Level 3.6 Fighting
 * Level 3.5 Short Blades
 - Level 3.0 Dodging
 + Level 2.5 Stealth
 + Level 3.6 Shields
 + Level 1.1 Hexes


You had 2 spell levels left.
You knew the following spells:

 Your Spells              Type           Power      Damage    Failure   Level
a - Ensorcelled Hibernat  Hex/Ice        2%         N/A       88%         2

Your spell library contained the following spells:

 Spells                   Type           Power      Damage    Failure   Level
 Sandblast                Erth           0%         2d4       83%         1
 Slow                     Hex            2%         N/A       83%         2
 Call Imp                 Summ           0%         N/A       93%         2
 Passwall                 Tmut/Erth      0%         N/A       93%         2
 Confusing Touch          Hex            2%         N/A       96%         3
 Summon Guardian Golem    Hex/Summ       1%         N/A       98%         3
 Call Canine Familiar     Summ           0%         N/A       99%         3
 Spider Form              Tmut/Pois      0%         N/A       99%         3
 Lee's Rapid Deconstruct  Erth           0%         3d5*      100%        5
 Yara's Violent Unravell  Hex/Tmut       0%         3d3       100%        5
 Shadow Creatures         Summ           N/A        N/A       100%        6
 Dragon's Call            Summ           0%         N/A       100%        9


Dungeon Overview and Level Annotations

Branches:
Dungeon (4/15)
 Temple: D:4-7

Altars:


Innate Abilities, Weirdness & Mutations

You cannot wear most types of armour.
You are amphibious.
You can wear up to eight rings at the same time.
Your skin changes colour to match your surroundings (Stealth+).
Your rubbery body absorbs attacks. (AC +1, EV +1)
((You are camouflaged near water. (Stealth+)))
You have tentacles for arms and can constrict up to eight enemies at once.


Message History

You kill the iguana!
No target in view!
Found a dark potion.
A gnoll comes into view. It is wielding a +0 halberd.
Found a glowing black potion. 2 gnolls come into view.
A gnoll comes into view. It is wielding a +0 whip.
The gnoll shouts! x2
The gnoll misses you.
The gnoll shouts!
The gnoll shouts!
You hit the gnoll but do no damage. You grab the gnoll.
You constrict the gnoll. The gnoll misses you.
You hit the gnoll. You squeeze the gnoll!
The gnoll is almost dead.
You constrict the gnoll. The gnoll hits you with a +0 whip!
The gnoll hits you from afar with a +0 halberd!
You release your grip on the gnoll.
The gnoll throws a throwing net.
The throwing net hits you.
You become entangled in the net!
You see here a throwing net.
Okay, then.
As you read the scroll labelled HULISHR TUEF, it crumbles to dust.
It is a scroll of amnesia.
Really abort (and waste the scroll)? [Y]es or [N]o only, please.
Really abort (and waste the scroll)? [Y]es or [N]o only, please.
Really abort (and waste the scroll)?
Okay, then.
The gnoll barely misses you.
As you read the scroll labelled POOZUCKIYT, it crumbles to dust.
The creatures around you are filled with an inner flame!
It was a scroll of immolation.
The gnoll hits you with a +0 whip.
The gnoll hits you from afar with a +0 spear.
* * * LOW HITPOINT WARNING * * *
The gnoll hits you with a +0 club!
* * * LOW HITPOINT WARNING * * *
Unknown command.
You struggle against the net.
The gnoll hits you with a +0 whip!
You die...

#..#.#...# #.....
..### ...!.. ....
.....# #..###
#.#..# .....#
#.#..# #..#.##.#
#.#..###gg.....#
# #.#....@gg....#
#.#....####..!..#
#......# .....#
####...# .....#
##.## ###### #.#
#.# #.# #.#


You could see 4 gnolls.

Vanquished Creatures
  An iguana (D:4)
  Terence (D:2)
  2 adders
  4 dart slugs
  An orc (D:3)
  4 ball pythons
  4 bats
  11 endoplasms
  5 giant cockroaches
  6 goblins
  6 hobgoblins
  2 jackals (D:2)
  2 quokkas
  4 frilled lizards
  7 kobolds
  6 rats
66 creatures vanquished.

Notes
Turn   | Place    | Note
-------+----------+-------------------------------------------
     0 | D:1      | Think the Octopode Fighter began the quest for the Orb.
     0 | D:1      | Reached XP level 1. HP: 16/16 MP: 1/1
   266 | D:1      | Reached XP level 2. HP: 14/21 MP: 2/2
   400 | D:1      | Got the Reference Book on the Escort
   421 | D:1      | Reached skill level 1 in Stealth
   615 | D:1      | Reached XP level 3. HP: 26/26 MP: 3/3
   618 | D:1      | Learned a level 2 spell: Ensorcelled Hibernation
   910 | D:2      | Noticed Terence
   915 | D:2      | Killed Terence
  1246 | D:2      | Reached XP level 4. HP: 31/31 MP: 4/4
  2193 | D:3      | Found a faded altar of an unknown god.
  2415 | D:3      | Reached XP level 5. HP: 23/36 MP: 5/5
  2609 | D:3      | Reached skill level 1 in Hexes
  2674 | D:4      | HP: 1/36 [gnoll (7)]
  2675 | D:4      | Mangled by a gnoll

Illustrated notes

Levels and vault maps discovered:
D:1:      dpeg_arrival_leaves_temple_mockup, layout_rooms,
          minmay_misc_feat_secret_circle
D:2:      layout_loops_ring, uniq_terence
D:3:      layout_rooms, dreamdust_ecumenical_altar_angels_and_demons
D:4:      layout_loops_cross, temple_pool_b

Skill      XL: |  1  2  3  4  5 |
---------------+----------------+-----
Stealth        | 1 2 |  2.5
Short Blades   | 3 |  3.5
Hexes          | 1 |  1.1
Fighting       | |  3.6
Dodging        | |  3.0
Shields        | |  3.6

Action                   |  1- 3 |  4- 6 || total
-------------------------+-------+-------++-------
Melee: Rapier            |     7 |       ||     7
       Dagger            |    39 |    78 ||   117
       Constrict         |     7 |    19 ||    26
       Tentacles         |     6 |    18 ||    24
  Use: Scroll            |     1 |     2 ||     3
       Potion            |     1 |       ||     1
 Stab: Sleeping          |    12 |    10 ||    22
Armor: Skin              |       |     5 ||     5
Dodge: Dodged            |     9 |    23 ||    32
Block: Kite shield       |     6 |    23 ||    29

Table legend: (Time is in decaauts)
 A = Elapsed time spent in this place.
 B = Non-inter-level travel time spent in this place.
 C = Inter-level travel time spent in this place.
 D = Time resting spent in this place.
 E = Time spent auto-exploring this place.
 F = Levels seen in this place.
 G = Mean time per level.
                   A        B        C        D        E       F      G
               +--------+--------+--------+--------+--------+-----+--------+
         Total |   2654 |   2612 |     42 |    897 |   1362 |   4 |  663.5 |
       Dungeon |   2654 |   2612 |     42 |    897 |   1362 |   4 |  663.5 |
               +--------+--------+--------+--------+--------+-----+--------+

Top non-repeatable levels by time:
     D:2: 1157 daAuts
     D:1: 897 daAuts
     D:3: 577 daAuts
     D:4: 22 daAuts
